 Dungeon Crawl Stone Soup version 0.29-a0-197-ge3fb4bd5a4 (webtiles) character file.

Game seed: 3797354804766151639

396 Hasart the Shooter (level 6, 0/51 HPs)
             Began as a Demigod Hunter on Feb 23, 2022.
             Shot with an arrow by a centaur (11 damage)
             ... on level 5 of the Dungeon.
             The game lasted 00:05:43 (2917 turns).

Hasart the Shooter (Demigod Hunter)                 Turns: 2917, Time: 00:05:46

Health: 0/51       AC:  3    Str: 13    XL:     6   Next: 27%
Magic:  8/8        EV: 13    Int: 13    God:
Gold:   216        SH:  0    Dex: 22    Spells: 5/5 levels left

rFire   . . .      SeeInvis .   a - +1 shortbow
rCold   . . .      Faith    .   (shield currently unavailable)
rNeg    . . .      Spirit   .   b - +0 leather armour
rPois   .          Reflect  .   (no helmet)
rElec   .          Harm     .   (no cloak)
rCorr   .          Rampage  .   (no gloves)
Will    +....                   (no boots)
Stlth   +++.......              (no amulet)
HPRegen 0.17/turn               g - ring of willpower
MPRegen 0.11/turn               (no ring)

@: no status effects
A: high MP 1, forlorn, divine attributes
a: no special abilities


You were on level 5 of the Dungeon.
You visited 1 branch of the dungeon, and saw 5 of its levels.

You collected 216 gold pieces.

Inventory:

Hand Weapons
 a - a +1 shortbow (weapon)
Armour
 b - a +0 leather armour (worn)
Jewellery
 g - a ring of willpower (left hand)
Scrolls
 d - 2 scrolls of amnesia {unknown}
 e - 4 scrolls of identify {unknown}
 f - a scroll of immolation
 h - a scroll of silence {unknown}
 j - a scroll of fog {unknown}
 k - 3 scrolls of teleportation {unknown}
 m - a scroll of holy word {unknown}
 o - a scroll of magic mapping {unknown}
 p - a scroll of enchant weapon {unknown}
Potions
 c - a potion of attraction {unknown}
 i - a potion of flight {unknown}
 l - a potion of haste {unknown}
 n - a potion of cancellation {unknown}


   Skills:
 + Level 3.2 Fighting
 * Level 5.3 Bows
 + Level 3.2 Dodging
 + Level 3.0 Stealth


You had 5 spell levels left.
You didn't know any spells.
Your spell library contained the following spells:

 Spells                   Type           Power      Damage    Failure   Level
 Foxfire                  Conj/Fire      0%         2x1d4     36%         1
 Conjure Flame            Conj/Fire      0%         6-21      75%         3
 Gell's Gravitas          Tloc           0%         N/A       75%         3
 Inner Flame              Hex/Fire       0%         N/A       75%         3
 Teleport Other           Tloc           0%         N/A       75%         3
 Flame Wave               Conj/Fire      0%         2d4       98%         4
 Dispersal                Tloc           0%         N/A       100%        6


Dungeon Overview and Level Annotations

Branches:
Dungeon (5/15)             Temple (0/1) D:4

Annotations:
D:3 1 runed translucent door, NigelTetley's ghost, novice DECj


Innate Abilities, Weirdness & Mutations

You have an increased reservoir of magic. (+10% MP)
You shall have no god before yourself.
Your divine heritage dramatically boosts your attributes as you level up.


Message History

The arrow hits you!
You shoot an arrow. The arrow hits the centaur.
The centaur is moderately wounded.
The centaur shoots an arrow.
The arrow closely misses you.
The centaur shoots an arrow.
The arrow hits you!
You shoot an arrow. The arrow closely misses the centaur.
The centaur shoots an arrow.
The arrow closely misses you.
The centaur shoots an arrow.
The arrow barely misses you.
You shoot an arrow. The arrow hits the centaur!
The centaur is severely wounded.
The centaur shoots an arrow.
The arrow misses you.
The centaur shoots an arrow.
The arrow hits you!
You are too injured to fight recklessly!
Unknown command.
You are too injured to fight recklessly!
Unknown command.
You are too injured to fight recklessly!
Shoot: a) +1 shortbow
Press: ? - help, Shift-Dir - straight line, f/p - centaur
Aim: a centaur, wielding a +0 shortbow (severely wounded, 76% to hit)
You shoot an arrow. The arrow hits the centaur.
The centaur is almost dead.
The centaur shoots an arrow.
The arrow barely misses you.
The centaur shoots an arrow.
The arrow closely misses you.
Shoot: a) +1 shortbow
Press: ? - help, Shift-Dir - straight line, f/p - centaur
Aim: a centaur, wielding a +0 shortbow (almost dead, 76% to hit)
You shoot an arrow. The arrow hits the centaur.
The centaur is almost dead.
The centaur shoots an arrow.
The arrow barely misses you.
The centaur shoots an arrow.
The arrow hits you!
* * * LOW HITPOINT WARNING * * *
Shoot: a) +1 shortbow
Press: ? - help, Shift-Dir - straight line, f/p - centaur
Aim: a centaur, wielding a +0 shortbow (almost dead, 76% to hit)
You shoot an arrow.
The arrow hits the centaur but does no damage.
The centaur is almost dead.
The centaur shoots an arrow.
The arrow hits you!
You die...

######## #.......
#.###### #.# #.# ## #
#.#
....#.###########.######
.c.....@................
..<.......#######.#####.
#.###.###.##............
#.....#.##.####.######
......†......##.#
#.#.#####.#..#.##.# # #.
#.#.##..#.# #
#.#.......# #.#..##..##


You could see a centaur.

Vanquished Creatures
  Eustachio (D:4)
  A water moccasin skeleton (D:4)
  A hound (D:5)
  An orc wizard (D:4)
  A howler monkey skeleton (D:4)
  7 adders
  A worm (D:2)
  An adder skeleton (D:4)
  2 dart slugs
  5 orcs (D:4)
  2 bats
  5 endoplasms
  4 giant cockroaches
  7 hobgoblins
  4 jackals (D:2)
  5 kobolds
  3 quokkas
  6 ball pythons
  A frilled lizard (D:2)
  6 goblins
  4 rats
68 creatures vanquished.

Vanquished Creatures (others)
  3 fungi (D:3)
3 creatures vanquished.

Grand Total: 71 creatures vanquished

Notes
Turn   | Place    | Note
-------+----------+-------------------------------------------
     0 | D:1      | Hasart the Demigod Hunter began the quest for the Orb.
     0 | D:1      | Reached XP level 1. HP: 17/17 MP: 3/3
     8 | D:1      | Reached skill level 1 in Stealth
   334 | D:1      | Reached XP level 2. HP: 24/24 MP: 4/4
   817 | D:2      | Reached skill level 4 in Bows
   862 | D:2      | Reached XP level 3. HP: 29/29 MP: 5/5
  1471 | D:3      | Found a runed translucent door.
  1471 | D:3      | Noticed a sky beast
  1556 | D:3      | Noticed NigelTetley's ghost (novice DECj)
  1597 | D:3      | Reached XP level 4. HP: 37/37 MP: 6/6
  1995 | D:4      | Reached XP level 5. HP: 32/42 MP: 7/7
  2345 | D:4      | Noticed Eustachio
  2354 | D:4      | Killed Eustachio
  2355 | D:4      | Reached skill level 5 in Bows
  2355 | D:4      | Reached XP level 6. HP: 51/51 MP: 8/8
  2450 | D:4      | Found a staircase to the Ecumenical Temple.
  2660 | D:5      | Entered Level 5 of the Dungeon
  2917 | D:5      | Shot with an arrow by a centaur

Illustrated notes

Levels and vault maps discovered:
D:1:      onia_arrival_pyramid, layout_basic, minmay_crystal_room,
          corner_web_ring, minmay_split_cup_small
D:2:      layout_basic
D:3:      layout_rooms, nicolae_uskayaw_dance_hall,
          shapermc_ecumenical_altar_mp_urbaneastern, ebering_ghost_inner_flame
D:4:      layout_gridville, minmay_temple_entry_nine_rooms,
          kennysheep_cluttered_room, uniq_eustachio
D:5:      minmay_bubble_buster, layout_basic, hangedman_abyss_or_decor_stagger,
          uniq_ijyb

Skill      XL: |  1  2  3  4  5  6 |
---------------+-------------------+-----
Stealth        | 1 2 3 |  3.0
Dodging        | 2 3 |  3.2
Fighting       | 2 3 |  3.2
Bows           | 4 5 |  5.3

Action                   |  1- 3 |  4- 6 || total
-------------------------+-------+-------++-------
 Fire: Shortbow          |    89 |    85 ||   174
Armor: Leather armour    |     4 |     7 ||    11
Dodge: Dodged            |    16 |    22 ||    38

Table legend: (Time is in decaauts)
 A = Elapsed time spent in this place.
 B = Non-inter-level travel time spent in this place.
 C = Inter-level travel time spent in this place.
 D = Time resting spent in this place.
 E = Time spent auto-exploring this place.
 F = Levels seen in this place.
 G = Mean time per level.
                   A        B        C        D        E       F      G
               +--------+--------+--------+--------+--------+-----+--------+
         Total |   2972 |   2904 |     68 |      0 |   2512 |   5 |  594.4 |
       Dungeon |   2972 |   2904 |     68 |      0 |   2512 |   5 |  594.4 |
               +--------+--------+--------+--------+--------+-----+--------+

Top non-repeatable levels by time:
     D:4: 805 daAuts
     D:1: 727 daAuts
     D:2: 667 daAuts
     D:3: 509 daAuts
     D:5: 262 daAuts
